 Dungeon Crawl Stone Soup version 0.29-a0-23-ga79f92ac9c (webtiles) character file.

Game seed: 14850601811766466617

8901 HallandMoats the Demonic Disaster (level 11, -6/87 HPs)
             Began as a Demonspawn Fighter on Jan 30, 2022.
             Was a Believer of Qazlal.
             Killed by divine providence
             ... invoked by an orc priest
              (15 damage)
             ... on level 11 of the Dungeon on Jan 31, 2022.
             The game lasted 00:18:30 (13123 turns).

HallandMoats the Demonic Disaster (DsFi)           Turns: 13123, Time: 00:18:30

Health: -6/87      AC: 29    Str: 23    XL:     11   Next: 16%
Magic:  18/18      EV: 11    Int:  6    God:    Qazlal [**....]
Gold:   582        SH: 24    Dex: 16    Spells: 10/10 levels left

rFire   . . .      SeeInvis .   b - +2 whip (elec)
rCold   . . .      Faith    .   e - +7 kite shield of Wasted Space {Harm Str+5 Int-3}
rNeg    . . .      Spirit   .   n - +2 scale mail {Will+}
rPois   .          Reflect  .   q - +2 hat
rElec   .          Harm     +   (no cloak)
rCorr   .          Rampage  .   d - +2 pair of gloves
Will    +....                   k - +0 pair of boots
Stlth   ..........              (no amulet)
HPRegen 0.24/turn               (no ring)
MPRegen 0.16/turn               (no ring)

@: sanguine armoured
A: icemail 1, sanguine armour 2, condensation shield, demonic magic 2, weakness
stinger 1
a: Renounce Religion, Upheaval


You were on level 11 of the Dungeon.
You worshipped Qazlal.
Qazlal was pleased with you.
You visited 2 branches of the dungeon, and saw 12 of its levels.
You also visited: Bailey.

You collected 582 gold pieces.

Inventory:

Hand Weapons
 a - a +1 trident of venom
 b - a +2 whip of electrocution (weapon)
 w - a +0 war axe
Missiles
 t - 2 throwing nets (quivered)
Armour
 d - a +2 pair of gloves (worn)
 e - the +7 kite shield of Wasted Space (worn) {Harm Str+5 Int-3}
   (You found it on level 3 of the Dungeon)

   Str:       It affects your strength (+5).
   Int:       It affects your intelligence (-3).
   Harm:      It increases damage dealt and taken.
 k - a +0 pair of boots (worn)
 n - a +2 scale mail of willpower (worn)
 q - a +2 hat (worn)
 y - +0 steam dragon scales
Jewellery
 s - a ring of ice
Wands
 l - a wand of iceblast (29)
 p - a wand of acid (6)
 v - a wand of polymorph (10)
Scrolls
 f - 8 scrolls of teleportation
 h - 2 scrolls of fear
 j - 4 scrolls of immolation
 A - a scroll of fog {unknown}
 B - a scroll of noise {unknown}
 C - 2 scrolls of silence {unknown}
 E - 2 scrolls of amnesia {unknown}
 H - a scroll of blinking {unknown}
Potions
 c - a potion of cancellation {unknown}
 g - 2 potions of flight {unknown}
 i - 2 potions of heal wounds
 m - 4 potions of magic
 o - 3 potions of invisibility {unknown}
 r - 2 potions of lignification {unknown}
 u - a potion of mutation {unknown}
 x - 2 potions of curing
 z - 2 potions of resistance {unknown}
 D - 8 potions of haste
 F - a potion of might
 G - 3 potions of brilliance {unknown}


   Skills:
 * Level 8.8 Fighting
 * Level 7.7 Axes
 + Level 5.9 Armour
 + Level 5.0 Dodging
 * Level 6.4 Shields
 * Level 10.5 Invocations


You had 10 spell levels left.
You didn't know any spells.
Your spell library contained the following spells:

 Spells                   Type           Power      Damage    Failure   Level
 Magic Dart               Conj           0%         1d3       97%         1
 Searing Ray              Conj           0%         2d4       99%         2
 Static Discharge         Conj/Air       0%         N/A       99%         2
 Frozen Ramparts          Ice            0%         1d2       100%        3
 Ignite Poison            Fire/Tmut/Pois 0%         N/A       100%        3
 Mephitic Cloud           Conj/Pois/Air  0%         N/A       100%        3
 Dispel Undead            Necr           0%         3d6       100%        4
 Fulminant Prism          Conj/Hex       0%         3d6       100%        4
 Ice Form                 Ice/Tmut       0%         N/A       100%        4
 Iskenderun's Mystic Bla  Conj/Tloc      0%         2d3       100%        4
 Sticky Flame             Conj/Fire      0%         2d3       100%        4
 Summon Ice Beast         Ice/Summ       0%         N/A       100%        4
 Alistair's Intoxication  Tmut/Pois      0%         N/A       100%        5
 Borgnjor's Vile Clutch   Necr/Erth      0%         N/A       100%        5
 Freezing Cloud           Conj/Ice/Air   0%         6-21      100%        5
 Lee's Rapid Deconstruct  Erth           0%         3d5*      100%        5
 Eringya's Noxious Bog    Tmut/Pois      0%         N/A       100%        6


Dungeon Overview and Level Annotations

Branches:
Dungeon (11/15)            Temple (1/1) D:4            Lair (0/6) D:11
 Bailey (visited)
    Orc: D:9-12

Altars:
Ashenzari
Cheibriados
Dithmenos
Elyvilon
Fedhas
Gozag
Hepliaklqana
Kikubaaqudgha
Makhleb
Nemelex Xobeh
Okawaru
Qazlal
Ru
Sif Muna
Trog
Uskayaw
Vehumet
Wu Jian
Xom
Yredelemnul
Zin
The Shining One

Shops:
D:7 :   D:10 :

Annotations:
D:10 2 transporters, Foxy's ghost, journeyman MfGl


Innate Abilities, Weirdness & Mutations

A meltable icy envelope protects you from harm. (AC +4)
When seriously injured, your blood forms thick armour. (AC +9)
A meltable shield of frost defends you. (SH +4)
Spells you cast may paralyse nearby enemies.
You have a small tail.


Message History

The warg is heavily wounded.
You block the warg's attack.
You closely miss the warg.
The warg is heavily wounded.
You block the warg's attack. x2
You hit the warg.
Your tail-slap misses the warg.
The warg is severely wounded.
The orc priest looks braver for a moment.
The warg bites you but does no damage.
You whack the warg!
The warg is almost dead.
You block the warg's attack.
The orc priest calls down the wrath of Beogh upon you.
Beogh smites you!
You hit the warg.
You kill the warg!
Qazlal accepts your kill.
The orc priest looks braver for a moment.
The orc priest casts a cantrip, but nothing happens.
You block the warg's attack.
You hit the warg but do no damage. Lightning courses through the warg!
The warg is heavily wounded.
The warg misses you.
You hit the warg. Lightning courses through the warg!
You kill the warg!
Qazlal accepts your kill.
The orc priest invokes the aid of Beogh against you.
Beogh smites you!
* * * LOW HITPOINT WARNING * * *
The orc priest begins to cast a cantrip, but forgets the words!
You block the warg's attack. You block the warg's attack.
The orc priest mumbles some strange prayers to Beogh against you.
Beogh smites you!
* * * LOW HITPOINT WARNING * * *
You block the warg's attack. The warg bites you but does no damage.
The orc priest mumbles some strange prayers to Beogh against you.
Beogh smites you!
You die...

############ ###
#..........# #.#
#..........# #.#
#..........# #.#
#..........# #.#
#..........# #.#
#..........#####@###.....
.............o.h..#......
.########o#########..P...
.# #.# ....... .# #o#
##....... .# #.#
#.....>.. .# #.#
#........
.########o#######{.{.....
............o.o.oo#......


You could see a warg, an orc priest and an orc.

Vanquished Creatures
  A two-headed ogre (D:8)
  Pikel (D:5)
  An orc knight (Bailey)
  An ugly thing (D:7)
  2 centaur zombies
  3 hornets
  A meliai zombie (D:11)
  2 vampire mosquitoes (D:10)
  5 yaks (D:10)
  3 steam dragons
  Menkaure (D:7)
  2 wargs (D:11)
  Duvessa (D:4)
  3 water moccasins
  4 orc warriors
  3 necrophages
  3 ice beasts
  2 ogres
  4 centaurs
  A phantom (D:5)
  A lemure (D:5)
  2 bullfrogs (D:8)
  A wyvern zombie (D:8)
  A gnoll sergeant (D:11)
  5 scorpions
  Dowan (D:3)
  6 wights (D:8)
  The ghost of neva315 the Chiller, a weakling HuIE (D:3)
  A howler monkey (D:8)
  A bullfrog zombie (D:5)
  3 hounds
  A jelly (D:6)
  A gnoll shaman (D:4)
  2 orc priests
  2 bullfrog skeletons
  Terence (D:3)
  4 iguanas
  Ijyb (D:4)
  4 orc wizards
  A hound zombie (D:5)
  A hound skeleton (D:4)
  2 howler monkey zombies (D:10)
  Robin (D:2)
  20 gnolls
  7 adders
  2 shadow imps
  A white imp (D:8)
  4 worms
  6 dart slugs
  41 orcs
  8 endoplasms
  6 giant cockroaches
  16 goblins
  7 hobgoblins
  3 jackals (D:1)
  15 kobolds
  3 quokkas
  11 ball pythons
  7 bats
  7 frilled lizards
  6 rats
258 creatures vanquished.

Vanquished Creatures (others)
  An acid dragon (D:10)
  2 fungi (D:1)
  5 plants
8 creatures vanquished.

Grand Total: 266 creatures vanquished

Notes
Turn   | Place    | Note
-------+----------+-------------------------------------------
     0 | D:1      | HallandMoats the Demonspawn Fighter began the quest for the
                  | Orb.
     0 | D:1      | Reached XP level 1. HP: 18/18 MP: 1/1
   116 | D:1      | Reached skill level 1 in Invocations
   116 | D:1      | Gained mutation: Spells you cast may paralyse adjacent
                  | enemies. [demonic ancestry]
   116 | D:1      | Reached XP level 2. HP: 23/24 MP: 2/2
   608 | D:1      | Gained mutation: When seriously injured, your blood forms
                  | armour. (AC +9) [demonic ancestry]
   608 | D:1      | Reached XP level 3. HP: 13/29 MP: 4/4
  1106 | D:1      | Found a faded altar of an unknown god.
  1581 | D:2      | Reached skill level 2 in Invocations
  1929 | D:2      | Noticed Robin
  1934 | D:2      | Gained mutation: A meltable shield of frost defends you.
                  | (SH +4) [demonic ancestry]
  1934 | D:2      | Reached XP level 4. HP: 23/35 MP: 5/5
  1944 | D:2      | Killed Robin
  2332 | D:2      | Reached skill level 1 in Dodging
  2605 | D:2      | Gained mutation: Spells you cast may paralyse nearby
                  | enemies. [demonic ancestry]
  2605 | D:2      | Reached XP level 5. HP: 38/42 MP: 6/6
  3152 | D:3      | Found a runed translucent door.
  3153 | D:3      | Noticed neva315's ghost (weakling HuIE)
  3305 | D:3      | Noticed Terence
  3315 | D:3      | Killed Terence
  3414 | D:3      | Reached skill level 3 in Invocations
  3524 | D:3      | Identified the +7 kite shield of Wasted Space {Harm Str+5
                  | Int-3}
  3823 | D:3      | Killed neva315's ghost
  3824 | D:3      | Reached XP level 6. HP: 35/48 MP: 8/8
  4222 | D:4      | Reached skill level 4 in Invocations
  4385 | D:4      | Noticed Dowan
  4386 | D:4      | Noticed Duvessa
  4509 | D:4      | Gained mutation: A meltable icy envelope protects you from
                  | harm. (AC +4) [demonic ancestry]
  4509 | D:4      | Reached XP level 7. HP: 52/55 MP: 10/10
  4510 | D:4      | Killed Duvessa
  4662 | D:3      | Killed Dowan
  4663 | D:3      | Reached skill level 5 in Fighting
  4859 | D:4      | Noticed Ijyb
  4866 | D:4      | Reached skill level 5 in Invocations
  4878 | D:4      | Killed Ijyb
  5073 | D:4      | Found a staircase to the Ecumenical Temple.
  5087 | Temple   | Entered the Ecumenical Temple
  5365 | Temple   | Became a worshipper of Qazlal Stormbringer
  5519 | D:5      | Entered Level 5 of the Dungeon
  5627 | D:5      | Gained mutation: You have a small tail. [demonic ancestry]
  5627 | D:5      | Reached XP level 8. HP: 50/63 MP: 12/12
  5986 | D:5      | Reached skill level 6 in Invocations
  6033 | D:5      | Noticed Pikel
  6065 | D:5      | Killed Pikel
  6066 | D:5      | Reached skill level 5 in Axes
  6622 | D:5      | Reached skill level 7 in Invocations
  6629 | D:5      | Reached XP level 9. HP: 71/71 MP: 14/14
  7006 | D:6      | Found a basalt altar of Yredelemnul.
  8551 | D:7      | Found Capi's Self-Improvement Boutique.
  8704 | D:7      | Noticed Menkaure
  8714 | D:7      | Killed Menkaure
  9040 | D:7      | Reached skill level 8 in Invocations
  9349 | D:8      | Reached skill level 5 in Shields
  9528 | D:8      | Reached skill level 5 in Armour
  9698 | D:8      | Reached * piety under Qazlal
 10147 | D:8      | Noticed a white ugly thing
 10147 | D:8      | Noticed a two-headed ogre
 10177 | D:8      | Killed a two-headed ogre
 10178 | D:8      | Reached skill level 9 in Invocations
 10178 | D:8      | Reached XP level 10. HP: 62/80 MP: 16/16
 10207 | D:7      | Killed a white ugly thing
 11458 | D:10     | Entered Level 10 of the Dungeon
 11492 | D:10     | Found a flagged portal.
 11528 | Bailey   | Entered a bailey
 11672 | Bailey   | Reached ** piety under Qazlal
 11756 | Bailey   | Noticed an orc knight
 11781 | Bailey   | Killed an orc knight
 12077 | D:10     | Found Kaelop's Book Shop.
 12108 | D:10     | Noticed a two-headed ogre
 12114 | D:10     | Noticed a cyclops
 12114 | D:10     | Noticed Foxy's ghost (journeyman MfGl)
 12218 | D:10     | Found a transporter.
 12229 | D:10     | Found a transporter.
 12321 | D:10     | Noticed a gargoyle
 12380 | D:10     | Reached skill level 10 in Invocations
 12426 | D:10     | Gained mutation: When seriously injured, your blood forms
                  | thick armour. (AC +9) [demonic ancestry]
 12426 | D:10     | Reached XP level 11. HP: 87/87 MP: 18/18
 12921 | D:11     | Reached skill level 5 in Dodging
 13092 | D:11     | Found a staircase to the Lair.
 13123 | D:11     | Killed from afar by an orc priest

Illustrated notes

Levels and vault maps discovered:
D:1:      dpeg_arrival_houses_and_road, layout_basic,
          shapermc_ecumenical_altar_hornbeckon, hangedman_decor_diamond_cutter
D:2:      minmay_razor_zed, layout_rooms, uniq_robin
D:3:      layout_loops_ring, ebering_ghost_inner_flame, dk_noncrumbling_4,
          uniq_terence
D:4:      layout_rooms, minmay_temple_entry_grid, minmay_liquid_box,
          chequers_serial_rivers_marsh, uniq_duvessa, uniq_ijyb
D:5:      layout_basic, minmay_pentangle, uniq_pikel
D:6:      layout_loops_cross, yredelemnul_altar_generic
D:7:      layout_loops_corners, nicolae_shop_self_help, uniq_menkaure
D:8:      layout_rooms, minmay_joined_circles
D:9:      layout_stronghold, nicolae_shop_gadgets, uniq_prince_ribbit1,
          uniq_grum, uniq_harold
D:10:     layout_long_grid, enter_bailey_7, nzn_ghost_randoct, serial_shops,
          nicolae_shop_stone
D:11:     layout_small_grid, erik_lair_orcish_takeover, nicolae_wwwww,
          kennysheep_okawaru_gauntlet
Temple:   roderic_octagonal_lattice_temple

Skill      XL: |  1  2  3  4  5  6  7  8  9 10 11 |
---------------+----------------------------------+-----
Invocations    | 1 2 3 4 5 7 9 10 | 10.5
Axes           | 2 3 4 5 6 7 |  7.7
Shields        | 3 4 5 6 |  6.4
Armour         | 3 4 5 |  5.9
Dodging        | 1 2 3 4 5 |  5.0
Fighting       | 4 5 6 7 8 |  8.8

Action                   |  1- 3 |  4- 6 |  7- 9 | 10-12 || total
-------------------------+-------+-------+-------+-------++-------
Melee: War axe           |   147 |   246 |   146 |       ||   539
       Whip              |       |       |   193 |   255 ||   448
       Tailslap          |       |       |    60 |    37 ||    97
       Trident           |       |       |    53 |    16 ||    69
Throw: Throwing net      |       |       |       |     2 ||     2
Invok: Upheaval          |       |       |       |     1 ||     1
  Use: Scroll            |       |     6 |     1 |     4 ||    11
       Potion            |       |     3 |     2 |     1 ||     6
Armor: Scale mail        |    81 |    98 |   162 |   112 ||   453
Dodge: Dodged            |    76 |    74 |   145 |   101 ||   396
Block: Buckler           |    42 |   122 |   177 |    87 ||   428
       Kite shield       |       |       |       |   284 ||   284

Table legend: (Time is in decaauts)
 A = Elapsed time spent in this place.
 B = Non-inter-level travel time spent in this place.
 C = Inter-level travel time spent in this place.
 D = Time resting spent in this place.
 E = Time spent auto-exploring this place.
 F = Levels seen in this place.
 G = Mean time per level.
                   A        B        C        D        E       F      G
               +--------+--------+--------+--------+--------+-----+--------+
         Total |  13369 |  12848 |    521 |   1325 |   9011 |  13 | 1028.4 |
       Dungeon |  12555 |  12062 |    493 |   1116 |   8715 |  11 | 1141.4 |
        Temple |    296 |    268 |     28 |      0 |    246 |   1 |  296.0 |
        Bailey |    516 |    516 |      0 |    209 |     50 |   1 |  516.0 |
               +--------+--------+--------+--------+--------+-----+--------+

Top non-repeatable levels by time:
     D:7: 1953 daAuts
     D:1: 1628 daAuts
     D:3: 1624 daAuts
     D:8: 1439 daAuts
     D:5: 1347 daAuts
     D:2: 1308 daAuts
     D:6: 1105 daAuts
     D:4: 997 daAuts
    D:10: 905 daAuts
  Bailey: 516 daAuts
  Temple: 296 daAuts
    D:11: 236 daAuts
     D:9: 9 daAuts
